 Dungeon Crawl Stone Soup version 0.18-a0-1805-g8ab820f (webtiles) character file.

154 M4edhros the Skirmisher (level 5, 0/42 HPs)
             Began as a Mummy Chaos Knight on Apr 26, 2016.
             Slain by a slave (6 damage)
             ... led by Pikel
             ... on level 3 of the Dungeon.
             The game lasted 00:01:48 (1590 turns).

M4edhros the Skirmisher (Mummy Chaos Knight)        Turns: 1590, Time: 00:01:49

Health: 0/42       AC:  5    Str: 14 (15) XL:     5   Next: 13%
Magic:  5/5        EV: 17    Int: 11      God:    Xom [...*..]
Gold:   110        SH:  0    Dex: 18      Spells: 0 memorised, 4 levels left

rFire  x . .     SeeInvis .     a - +0 spear (chaos)
rCold  + . .     Gourm    .     b - +2 leather armour
rNeg   + + +     Faith    .     (no shield)
rPois  ∞         Spirit   .     (no helmet)
rElec  .         Dismiss  .     (no cloak)
rCorr  .         Reflect  .     (no gloves)
SustAt .         Harm     .     (no boots)
MR     .....                    (no amulet)
Stlth  +++.......               (no ring)
                                (no ring)

@: agile, not resistant to hostile enchantments, fairly stealthy
A: no food or potions, fire vulnerability, cold resistance 1, negative energy
resistance 3, torment resistance, unbreathing
a: Renounce Religion


You were on level 3 of the Dungeon.
You worshipped Xom.
You were a favourite toy of Xom.
You were not hungry.

You visited 1 branch of the dungeon, and saw 4 of its levels.

You collected 110 gold pieces.

Inventory:

Hand Weapons
 a - a +0 spear of chaos (weapon)
Armour
 b - a +2 leather armour (worn)
Scrolls
 c - a scroll of noise {unknown}
 d - 2 scrolls of teleportation {unknown}
 e - 2 scrolls of remove curse {unknown}
 f - a scroll of immolation {unknown}
 g - a scroll of fear {unknown}
 h - 2 scrolls of magic mapping {unknown}
 i - 2 scrolls of identify {unknown}


   Skills:
 - Level 4.1 Fighting
 + Level 3.4 Polearms
 - Level 2.0 Armour
 - Level 1.7 Dodging
 - Level 0.8 Stealth


You had 4 spell levels left.
You didn't know any spells.

Dungeon Overview and Level Annotations

Branches:
Dungeon (4/15)
 Temple: D:4-7

Altars:

Annotations:
D:4 Pikel


Innate Abilities, Weirdness & Mutations

You do not eat or drink.
Your flesh is vulnerable to fire.
You are immune to poison.
Your flesh is cold resistant.
You are immune to negative energy.
You are immune to unholy pain and torment.
You can survive without breathing.


Message History

* * * LOW HITPOINT WARNING * * *
The slave misses you.
The slave barely misses you. "I like them better like this."
The adder reforms as a javelin.
The slave hits you but does no damage.
You can't drink.
You miss the slave.
The slave is heavily wounded. "Go forth and destroy!"
You feel agile all of a sudden. The slave hits you.
* * * LOW HITPOINT WARNING * * *
You hit the slave. You freeze the slave.
The slave is heavily wounded.
The slave hits you but does no damage.
You hit the slave but do no damage.
The slave is heavily wounded.
The slave closely misses you. The slave hits you.
You die...
Xom chortles!

.....######### #...... ##
#...).....####### #......
..###########........######......
#.....# ###.......#.............
#)....####.......!.########......
#..........#####.### ##......
#.....###### #.# #........
#......### #.# # #.#......
#........#### #@# ......#.S....
#.)...#.....####p#...#### #......
#########..>....p..#### ####...
####..........##### ##..
##.............#####..
#.###.####.....#..... g ..# #.#
###..[...... .... .# ##.†.....#
..%.. .# ###.....#


You could see 2 slaves.

Vanquished Creatures
  Menkaure (D:4)
  An adder (D:3)
  2 dart slugs
  2 giant geckos
  4 orcs (D:3)
  5 bats
  7 goblins
  2 hobgoblins (D:1)
  3 giant newts (D:1)
  3 kobolds
  3 rats
33 creatures vanquished.

Vanquished Creatures (collateral kills)
  A giant frog skeleton (D:4)
1 creature vanquished.

Grand Total: 34 creatures vanquished

Notes
Turn   | Place    | Note
--------------------------------------------------------------
     0 | D:1      | M4edhros the Mummy Chaos Knight began the quest for the Orb.
     0 | D:1      | Reached XP level 1. HP: 18/18 MP: 1/1
    95 | D:1      | Reached XP level 2. HP: 24/24 MP: 2/2
   190 | D:1      | XOM: harmless Hex miscast
   536 | D:1      | Reached skill level 1 in Dodging
   860 | D:2      | Reached XP level 3. HP: 27/29 MP: 3/3
  1225 | D:3      | XOM: divination: detect creatures
  1250 | D:4      | Noticed Menkaure
  1251 | D:4      | XOM: confuse monster(s)
  1254 | D:4      | XOM: confuse monster(s)
  1268 | D:4      | XOM: confusion
  1277 | D:4      | Killed Menkaure
  1277 | D:4      | Reached skill level 4 in Fighting
  1277 | D:4      | Reached XP level 4. HP: 3/37 MP: 4/4
  1277 | D:4      | Reached XP level 5. HP: 3/42 MP: 5/5
  1464 | D:4      | XOM: stat loss: -1 Str (14/15)
  1554 | D:4      | Noticed a slave
  1556 | D:4      | Noticed Pikel
  1556 | D:4      | Noticed a slave
  1557 | D:4      | Noticed a slave
  1558 | D:4      | Noticed a slave
  1568 | D:4      | XOM: fake destruction
  1569 | D:4      | XOM: summons 3 friendly demons
  1586 | D:3      | XOM: snakes to sticks
  1588 | D:3      | XOM: potion effect (agility)
  1590 | D:3      | Slain by a slave

Vault maps used:
D:1:      evilmike_arrival_fibonacci_small, st_stairs_1
D:2:      wad_lake_hut, first_bread, nicolae_ru_sacrificial_ziggurat
D:3:      minmay_overflow_temple_hex, kennysheep_orc_chapel
D:4:      lemuel_crystal_altar, uniq_menkaure, uniq_natasha, uniq_pikel

Skill      XL: |  1  2  3 |
---------------+----------+-----
Dodging        | 1 |  1.7
Fighting       | 4 |  4.1
Polearms       | 3 |  3.4
Armour         | 2 |  2.0
Stealth        | |  0.8

Action                   |  1- 3 |  4- 6 || total
-------------------------+-------+-------++-------
Melee: Spear             |   119 |    10 ||   129
 Stab: Confused          |     4 |       ||     4
Armor: Leather armour    |    16 |     3 ||    19
Dodge: Dodged            |    42 |    12 ||    54
